HSSL
MARIS SCHOOL MARINERS @ TACOMA HS TORCHMEN
04/06/2030
 
TOP OF THE 1ST
Maris School Mariners batting - Pitching for Tacoma HS Torchmen : RHP Ray Evans
Pitching: RHP Ray Evans
Batting: LHB Alexander Randolph 0-0: Ball
1-0: Ball
2-0: Ball
3-0: Called Strike
3-1: Base on Balls
Batting: SHB Rob Nelson 0-0: Called Strike
0-1: Ball
1-1: Fly out, F7 (Flyball, 7S)
Batting: RHB Grant Reynolds 0-0: SINGLE (Line Drive, 6D)
Alexander Randolph to second
Batting: LHB Dave Booth 0-0: Foul Ball, location: 2F
0-1: Ball
1-1: Called Strike
1-2: Ball
2-2: Strikes out swinging
Batting: LHB Michael Rodríguez 0-0: Ball
1-0: Called Strike
1-1: Ball
2-1: Ground out 1-3 (Groundball, P)
Top of the 1st over - 0 runs, 1 hit, 0 errors, 2 left on base; Maris School 0 - Tacoma HS 0
BOTTOM OF THE 1ST
Tacoma HS Torchmen batting - Pitching for Maris School Mariners : RHP Sam Pippy
Pitching: RHP Sam Pippy
Batting: RHB Sam Davis 0-0: Bunt missed!
0-1: Foul Ball, location: 2F
0-2: Ground out U3 (Groundball, 3)
Batting: RHB John Barnett 0-0: Foul Ball, location: 2F
0-1: Ball
1-1: Ball
2-1: Foul Ball, location: 2F
2-2: Ball
3-2: Strikes out looking
Batting: RHB Bruce Cooper 0-0: Called Strike
0-1: Swinging Strike
0-2: Ball
1-2: Fly out, F8 (Flyball, 8RD)
Bottom of the 1st over - 0 runs, 0 hits, 0 errors, 0 left on base; Maris School 0 - Tacoma HS 0
TOP OF THE 2ND
Maris School Mariners batting - Pitching for Tacoma HS Torchmen : RHP Ray Evans
Batting: RHB John Verville 0-0: Ball
1-0: Ground out 5-3 (Groundball, 56)
Batting: LHB Carl Spaeth 0-0: Ball
1-0: Fly out, F2 (Popup, 2RF)
Batting: RHB Ed Lovett 0-0: Ball
1-0: Called Strike
1-1: Ball
2-1: Ball
3-1: Foul Ball, location: 2F
3-2: SINGLE (Line Drive, 8RS)
Batting: RHB Ray O'Larly 0-0: Ball
1-0: Ball
2-0: Ball
3-0: Base on Balls
Ed Lovett to second
Batting: LHB Alexander Randolph 0-0: Ball
1-0: Ball
2-0: Swinging Strike
2-1: Called Strike
2-2: Fly out, F8 (Flyball, 8RD)
Top of the 2nd over - 0 runs, 1 hit, 0 errors, 2 left on base; Maris School 0 - Tacoma HS 0
BOTTOM OF THE 2ND
Tacoma HS Torchmen batting - Pitching for Maris School Mariners : RHP Sam Pippy
Batting: RHB Jim Lipscomb 0-0: Called Strike
0-1: SOLO HOME RUN (Flyball, 78XD), Distance : 419 ft
Batting: LHB Joseph Wood 0-0: Ball
1-0: Called Strike
1-1: Foul Ball, location: 2F
1-2: DOUBLE (Line Drive, 89XD)
Batting: RHB Bobby Jackson 0-0: Called Strike
0-1: Ball
1-1: Foul Ball, location: 2F
1-2: Strikes out swinging
Batting: LHB Alberto Barrios 0-0: Ball
1-0: Called Strike
1-1: Ball
2-1: Foul Ball, location: 2F
2-2: Foul Ball, location: 2F
2-2: Foul Ball, location: 2F
2-2: Strikes out swinging
Batting: LHB Ben Underwood 0-0: Swinging Strike
0-1: SINGLE (Line Drive, 89M)
Joseph Wood to third
Batting: RHB Ignacio Fernández 0-0: Ball
1-0: Ball
2-0: Ball
3-0: Base on Balls
Ben Underwood to second
Batting: RHB Sam Davis 0-0: Ball
1-0: Ball
2-0: Ball
Wild Pitch!
Joseph Wood scores
Ben Underwood to third
Ignacio Fernández to second
3-0: Base on Balls
Batting: RHB John Barnett 0-0: Ball
1-0: Ball
2-0: Foul Ball, location: 2F
2-1: Ball
3-1: SINGLE (Line Drive, 56)
Ben Underwood scores
Ignacio Fernández to third
Sam Davis to second
Batting: RHB Bruce Cooper 0-0: Ball
1-0: Called Strike
1-1: SINGLE (Flyball, 7LM)
Ignacio Fernández scores
Sam Davis to third
John Barnett to second
Runner from 3rd tries for Home, SAFE, no throw
Batting: RHB Jim Lipscomb 0-0: Ball
1-0: Swinging Strike
1-1: Ball
2-1: Called Strike
John Barnett is caught stealing 3rd base
Bottom of the 2nd over - 5 runs, 5 hits, 0 errors, 1 left on base; Maris School 0 - Tacoma HS 5
TOP OF THE 3RD
Maris School Mariners batting - Pitching for Tacoma HS Torchmen : RHP Ray Evans
Batting: SHB Rob Nelson 0-0: Foul Ball, location: 2F
0-1: Foul Ball, location: 2F
0-2: Foul Ball, location: 2F
0-2: Ball
1-2: Foul Ball, location: 2F
1-2: Strikes out swinging
Batting: RHB Grant Reynolds 0-0: Called Strike
0-1: Ball
1-1: Swinging Strike
1-2: Strikes out swinging
Batting: LHB Dave Booth 0-0: Ball
1-0: Foul Ball, location: 2F
1-1: Foul Ball, location: 2F
1-2: Ball
2-2: Ball
3-2: Base on Balls
Batting: LHB Michael Rodríguez 0-0: Ball
1-0: Called Strike
1-1: Foul Ball, location: 2F
1-2: Fly out, F7 (Flyball, 78S)
Top of the 3rd over - 0 runs, 0 hits, 0 errors, 1 left on base; Maris School 0 - Tacoma HS 5
BOTTOM OF THE 3RD
Tacoma HS Torchmen batting - Pitching for Maris School Mariners : RHP Sam Pippy
Batting: RHB Jim Lipscomb 0-0: Called Strike
0-1: Ball
1-1: Ball
2-1: Fly out, F7 (Line Drive, 7)
Batting: LHB Joseph Wood 0-0: Called Strike
0-1: Ball
1-1: Ball
2-1: Swinging Strike
2-2: Ball
3-2: SINGLE (Line Drive, 56)
Batting: RHB Bobby Jackson 0-0: Ball
1-0: Ball
2-0: Swinging Strike
2-1: Grounds into double play, 6-4-3 (Groundball, 6)
Bottom of the 3rd over - 0 runs, 1 hit, 0 errors, 0 left on base; Maris School 0 - Tacoma HS 5
TOP OF THE 4TH
Maris School Mariners batting - Pitching for Tacoma HS Torchmen : RHP Ray Evans
Batting: RHB John Verville 0-0: Called Strike
0-1: Ball
1-1: Foul Ball, location: 2F
1-2: Strikes out swinging
Batting: LHB Carl Spaeth 0-0: Called Strike
0-1: Ball
1-1: Swinging Strike
1-2: Ball
2-2: Strikes out swinging
Batting: RHB Ed Lovett 0-0: Called Strike
0-1: Ball
1-1: Ball
2-1: Ball
3-1: Base on Balls
Batting: RHB Ray O'Larly 0-0: Ball
1-0: Foul Ball, location: 2F
1-1: Called Strike
1-2: Strikes out swinging
Top of the 4th over - 0 runs, 0 hits, 0 errors, 1 left on base; Maris School 0 - Tacoma HS 5
BOTTOM OF THE 4TH
Tacoma HS Torchmen batting - Pitching for Maris School Mariners : RHP Sam Pippy
Batting: LHB Alberto Barrios 0-0: Ball
1-0: Foul Ball, location: 2F
1-1: Foul Ball, location: 2F
1-2: Strikes out swinging
Batting: LHB Ben Underwood 0-0: Ball
1-0: Called Strike
1-1: Ball
2-1: Ball
3-1: Base on Balls
Batting: RHB Ignacio Fernández 0-0: Called Strike
0-1: Ball
1-1: Ball
2-1: Fly out, F8 (Flyball, 8LD)
Batting: RHB Sam Davis 0-0: Ball
1-0: Fly out, F7 (Flyball, 78M)
Bottom of the 4th over - 0 runs, 0 hits, 0 errors, 1 left on base; Maris School 0 - Tacoma HS 5
TOP OF THE 5TH
Maris School Mariners batting - Pitching for Tacoma HS Torchmen : RHP Ray Evans
Batting: LHB Alexander Randolph 0-0: Fly out, F6 (Flyball, 6MD)
Batting: SHB Rob Nelson 0-0: Ball
1-0: Called Strike
1-1: Fly out, F6 (Popup, 6S)
Batting: RHB Grant Reynolds 0-0: Called Strike
0-1: Foul Ball, location: 2F
0-2: Strikes out looking
Top of the 5th over - 0 runs, 0 hits, 0 errors, 0 left on base; Maris School 0 - Tacoma HS 5
BOTTOM OF THE 5TH
Tacoma HS Torchmen batting - Pitching for Maris School Mariners : RHP Sam Pippy
Pitching: RHP Trent Perchica
Batting: RHB John Barnett 0-0: Foul Ball, location: 2F
0-1: Ball
1-1: Swinging Strike
1-2: Ball
2-2: Ball
3-2: Base on Balls
Batting: RHB Bruce Cooper 0-0: Ball
1-0: Ball
2-0: Ball
3-0: Base on Balls
John Barnett to second
Batting: RHB Jim Lipscomb 0-0: Foul Ball, location: 2F
0-1: Ball
1-1: Ball
2-1: Swinging Strike
2-2: Fly out, F8 (Flyball, 78D)
Batting: LHB Joseph Wood 0-0: DOUBLE (Flyball, 89D)
John Barnett scores
Bruce Cooper to third
Batting: RHB Bobby Jackson 0-0: Ball
1-0: Ball
2-0: Foul Ball, location: 2F
2-1: SINGLE (Line Drive, 9S)
Bruce Cooper scores
Joseph Wood to third
Runner from 3rd tries for Home, SAFE, no throw
Batting: LHB Alberto Barrios 0-0: Ball
1-0: Foul Ball, location: 2F
1-1: Foul Ball, location: 2F
1-2: Foul Ball, location: 2F
1-2: Foul Ball, location: 2F
1-2: Ball
Bobby Jackson is caught stealing 2nd base
2-2: Foul Ball, location: 2F
2-2: Foul Ball, location: 2F
2-2: Ball
3-2: Base on Balls
Batting: LHB Ben Underwood 0-0: Called Strike
0-1: Ball
1-1: Ball
2-1: Ball
3-1: Called Strike
3-2: Base on Balls
Alberto Barrios to second
Batting: RHB Ignacio Fernández 0-0: Ball
1-0: SINGLE (Flyball, 7LS)
Alberto Barrios to third
Ben Underwood to second
Runner from 3rd tries for Home, SAFE, no throw
Batting: RHB Sam Davis 0-0: Ball
1-0: Ball
2-0: Ball
3-0: Called Strike
3-1: Foul Ball, location: 2F
3-2: Base on Balls
Ben Underwood to third
Ignacio Fernández to second
Batting: RHB John Barnett 0-0: Foul Ball, location: 2F
0-1: Ball
1-1: Ball
2-1: Foul Ball, location: 2F
2-2: Fly out, F6 (Popup, 6)
Bottom of the 5th over - 4 runs, 3 hits, 0 errors, 3 left on base; Maris School 0 - Tacoma HS 9
TOP OF THE 6TH
Maris School Mariners batting - Pitching for Tacoma HS Torchmen : RHP Ray Evans
Pitching: RHP Arthur Mack
Batting: LHB Dave Booth 0-0: Ball
1-0: Ball
2-0: Swinging Strike
2-1: Swinging Strike
2-2: Ball
3-2: Base on Balls
Batting: LHB Michael Rodríguez 0-0: Called Strike
0-1: SINGLE (Flyball, 89S)
Dave Booth to second
Batting: RHB John Verville 0-0: Called Strike
0-1: Ball
1-1: Ball
2-1: Ball
3-1: Base on Balls
Dave Booth to third
Michael Rodríguez to second
Batting: LHB Carl Spaeth 0-0: Called Strike
0-1: Foul Ball, location: 2F
0-2: Ball
1-2: Strikes out swinging
Pitching: LHP Bryan Adams
Batting: RHB Ed Lovett 0-0: Swinging Strike
0-1: Foul Ball, location: 2F
0-2: SINGLE (Line Drive, 6MD)
Dave Booth scores
Michael Rodríguez to third
John Verville to second
Batting: RHB Ray O'Larly 0-0: Called Strike
0-1: Ball
1-1: Fly out, F9 (Flyball, 9S)
Batting: LHB Alexander Randolph 0-0: Ball
1-0: Ball
2-0: Foul Ball, location: 2F
2-1: Ground out 4-3 (Groundball, 4)
Top of the 6th over - 1 run, 2 hits, 0 errors, 3 left on base; Maris School 1 - Tacoma HS 9
BOTTOM OF THE 6TH
Tacoma HS Torchmen batting - Pitching for Maris School Mariners : RHP Trent Perchica
Batting: RHB Bruce Cooper 0-0: Swinging Strike
0-1: Swinging Strike
0-2: Ball
1-2: Ball
2-2: Strikes out looking
Batting: RHB Jim Lipscomb 0-0: Fly out, F8 (Flyball, 8RM)
Batting: LHB Joseph Wood 0-0: Ball
1-0: Foul Ball, location: 2F
1-1: Foul Ball, location: 2F
1-2: Strikes out swinging, 2-3 out at first.
Bottom of the 6th over - 0 runs, 0 hits, 0 errors, 0 left on base; Maris School 1 - Tacoma HS 9
TOP OF THE 7TH
Maris School Mariners batting - Pitching for Tacoma HS Torchmen : LHP Bryan Adams
Batting: SHB Rob Nelson 0-0: Swinging Strike
0-1: Ball
1-1: Ball
2-1: Fly out, F8 (Flyball, 8RD)
Batting: RHB Grant Reynolds 0-0: Called Strike
0-1: Called Strike
0-2: Ball
1-2: Ball
2-2: Ball
3-2: Base on Balls
Batting: LHB Dave Booth 0-0: Ball
1-0: Ball
2-0: Foul Ball, location: 2F
2-1: Swinging Strike
2-2: Ball
3-2: Base on Balls
Grant Reynolds to second
Batting: LHB Michael Rodríguez 0-0: Fielders Choice at 2nd, 3-6 (Groundball, 3)
Grant Reynolds to third
Batting: RHB John Verville 0-0: Called Strike
0-1: Ball
1-1: Ball
Wild Pitch!
Grant Reynolds scores
Michael Rodríguez to second
2-1: Ground out 6-3 (Groundball, 6)
Top of the 7th over - 1 run, 0 hits, 0 errors, 1 left on base; Maris School 2 - Tacoma HS 9
BOTTOM OF THE 7TH
Tacoma HS Torchmen batting - Pitching for Maris School Mariners : RHP Trent Perchica
Batting: RHB Bobby Jackson 0-0: Called Strike
0-1: Swinging Strike
0-2: Ball
1-2: Ball
2-2: Ball
3-2: Base on Balls
Batting: LHB Alberto Barrios 0-0: Ball
1-0: Called Strike
1-1: Ball
2-1: Ball
3-1: Swinging Strike
3-2: Strikes out swinging
Batting: LHB Ben Underwood 0-0: Called Strike
0-1: Ball
1-1: Called Strike
1-2: Strikes out swinging
Batting: RHB Ignacio Fernández 0-0: Called Strike
0-1: Called Strike
0-2: Ball
1-2: Ball
2-2: Foul Ball, location: 2F
2-2: Foul Ball, location: 2F
2-2: Foul Ball, location: 2F
2-2: Ball
3-2: Foul Ball, location: 2F
3-2: Base on Balls
Bobby Jackson to second
Pitching: RHP Marc Parker
Batting: RHB Sam Davis 0-0: Fielders Choice at 2nd, 5-4 (Groundball, 5)
Bottom of the 7th over - 0 runs, 0 hits, 0 errors, 2 left on base; Maris School 2 - Tacoma HS 9
TOP OF THE 8TH
Maris School Mariners batting - Pitching for Tacoma HS Torchmen : LHP Bryan Adams
Batting: LHB Carl Spaeth 0-0: Foul Ball, location: 2F
0-1: Swinging Strike
0-2: Ball
1-2: Fly out, F8 (Flyball, 8LM)
Batting: RHB Ed Lovett 0-0: Ball
1-0: Foul Ball, location: 2F
1-1: Foul Ball, location: 2F
1-2: Foul Ball, location: 2F
1-2: Fly out, F7 (Flyball, 7S)
Batting: RHB Ray O'Larly 0-0: Foul Ball, location: 2F
0-1: Ground out 3-1 (Groundball, 34S)
Top of the 8th over - 0 runs, 0 hits, 0 errors, 0 left on base; Maris School 2 - Tacoma HS 9
BOTTOM OF THE 8TH
Tacoma HS Torchmen batting - Pitching for Maris School Mariners : RHP Marc Parker
Batting: RHB John Barnett 0-0: Ground out 1-3 (Groundball, P)
Batting: RHB Bruce Cooper 0-0: Ground out 6-3 (Groundball, 56)
Batting: RHB Jim Lipscomb 0-0: Ground out 6-3 (Groundball, 6)
Bottom of the 8th over - 0 runs, 0 hits, 0 errors, 0 left on base; Maris School 2 - Tacoma HS 9
TOP OF THE 9TH
Maris School Mariners batting - Pitching for Tacoma HS Torchmen : LHP Bryan Adams
Batting: LHB Alexander Randolph 0-0: Ball
1-0: Called Strike
1-1: Ball
2-1: Called Strike
2-2: Ball
3-2: Base on Balls
Batting: SHB Rob Nelson 0-0: Called Strike
0-1: Called Strike
0-2: Ball
1-2: Strikes out swinging
Batting: RHB Grant Reynolds 0-0: Ball
1-0: Called Strike
1-1: Ball
2-1: Ball
3-1: DOUBLE (Line Drive, 89M)
Alexander Randolph to third
Pitching: RHP Gil Hartman
Batting: LHB Dave Booth 0-0: Ball
1-0: Ball
2-0: Foul Ball, location: 2F
2-1: Swinging Strike
2-2: Ball
3-2: Strikes out swinging
Batting: LHB Michael Rodríguez 0-0: Ball
1-0: Foul Ball, location: 2F
1-1: Ball
2-1: Foul Ball, location: 2F
2-2: Foul Ball, location: 2F
2-2: DOUBLE (Flyball, 8RD)
Alexander Randolph scores
Grant Reynolds scores
Batting: RHB John Verville 0-0: Ball
1-0: Swinging Strike
1-1: Ball
Wild Pitch!
Michael Rodríguez to third
2-1: Called Strike
2-2: Ball
3-2: Strikes out looking
Top of the 9th over - 2 runs, 2 hits, 0 errors, 1 left on base; Maris School 4 - Tacoma HS 9
Saturday, April 7th, 2018 - OOTP Baseball 18.8 Build 76